 Dungeon Crawl Stone Soup version 0.25.1-8-g42b30a86e7 (webtiles) character file.

Game seed: 10976074875545004199

462 Clowwww the Magician (level 6, 0/33 HPs)
             Began as a Deep Elf Fire Elementalist on Dec 2, 2020.
             Slain by a hippogriff (4 damage)
             ... on level 5 of the Dungeon.
             The game lasted 00:16:10 (5273 turns).

Clowwww the Magician (Deep Elf Fire Elementalist)   Turns: 5273, Time: 00:16:11

Health: 0/33       AC:  4    Str:  9    XL:     6   Next: 79%
Magic:  15/16      EV: 14    Int: 22    God:
Gold:   146        SH:  0    Dex: 15    Spells: 7/15 levels left

rFire    + + .     SeeInvis .   b - +1 quarterstaff
rCold    + . .     Gourm    .   (shield currently unavailable)
rNeg     . . .     Faith    .   a - +1 robe
rPois    .         Spirit   .   (no helmet)
rElec    .         Reflect  .   k - +0 cloak of the Devil's Advocate {rF++ rC+ Str+4}
rCorr    .         Harm     .   (no gloves)
MR       .....                  (no boots)
Stlth    +++.......             o - amulet of magic regeneration
HPRegen  0.11/turn              (no ring)
MPRegen  0.40/turn              (no ring)

@: no status effects
A: no striking features
a: no special abilities


You were on level 5 of the Dungeon.
You were not hungry.

You visited 1 branch of the dungeon, and saw 5 of its levels.

You collected 146 gold pieces.

Inventory:

Hand Weapons
 b - a +1 quarterstaff (weapon)
Armour
 a - a +1 robe (worn)
 k - the +0 cloak of the Devil's Advocate (worn) {rF++ rC+ Str+4}
   (You found it on level 4 of the Dungeon)

   It affects your strength (+4).
   It greatly protects you from fire.
   It protects you from cold.
Jewellery
 d - an uncursed amulet of faith
 o - an amulet of magic regeneration (around neck)
Wands
 n - a wand of clouds (3)
Scrolls
 i - 4 scrolls of remove curse
 t - a scroll of enchant armour
Potions
 e - a potion of brilliance {unknown}
 g - a potion of flight {unknown}
 h - a potion of heal wounds {unknown}
 j - 3 potions of curing
 l - a potion of haste
 m - a potion of degeneration {unknown}
 p - a potion of cancellation {unknown}
 q - a potion of stabbing {unknown}
 r - a potion of mutation {unknown}
 s - a potion of lignification {unknown}
 w - a potion of might {unknown}
Comestibles
 c - 10 rations
 f - 5 chunks of flesh


   Skills:
 + Level 0.5 Fighting
 + Level 1.6 Staves
 + Level 3.5 Dodging
 + Level 3.8 Stealth
 + Level 0.2 Unarmed Combat
 + Level 5.3 Spellcasting
 + Level 3.2 Conjurations
 + Level 0.3 Hexes
 + Level 5.2 Fire Magic


You had 7 spell levels left.
You knew the following spells:

 Your Spells              Type           Power        Failure   Level  Hunger
a - Foxfire               Conj/Fire      ###.         1%          1    None
b - Inner Flame           Hex/Fire       ###.....     10%         3    ##.....
c - Sticky Flame          Conj/Fire      ###.....     17%         4    ####...

Your spell library contained the following spells:

 Spells                   Type           Power        Failure   Level  Hunger
 Conjure Flame            Conj/Fire      ###.....     5%          3    ##.....
 Fireball                 Conj/Fire      ###.......   43%         5    #####..


Dungeon Overview and Level Annotations

Branches:
Dungeon (5/15)
 Temple: D:4-7

Altars:
Gozag
Yredelemnul


Message History

You conjure some foxfire!
The hippogriff bites you. The hippogriff barely misses you.
The hippogriff claws you.
The foxfire hits the hippogriff.
The hippogriff is heavily wounded.
The hippogriff bites you. The hippogriff misses you.
The hippogriff closely misses you.
Casting: Foxfire (safe; 1% risk of failure)
Confirm with . or Enter, or press ? or * to list all spells.
You conjure some foxfire!
The hippogriff misses you. The hippogriff pecks you.
The hippogriff completely misses you.
You hit the hippogriff.
The hippogriff is heavily wounded.
The foxfire hits the hippogriff.
The hippogriff is heavily wounded.
The hippogriff bites you! The hippogriff pecks you.
* * * LOW HITPOINT WARNING * * *
The hippogriff claws you.
* * * LOW HITPOINT WARNING * * *
The hippogriff barely misses you. The hippogriff pecks you.
You die...

#####
#.H@#
#)#.#
#)#<#
#†###
#........
#########


You could see a hippogriff.

Vanquished Creatures
  A phantom (D:4)
  A scorpion (D:4)
  A hound (D:4)
  2 orc priests
  An orc wizard (D:3)
  Robin (D:3)
  4 adders
  An ooze (D:3)
  2 adder skeletons
  3 worms
  2 dart slugs (D:1)
  2 leopard geckos (D:4)
  20 orcs
  2 ball pythons
  9 bats
  4 giant cockroaches
  12 goblins
  14 hobgoblins
  10 jackals
  2 quokkas
  4 frilled lizards
  5 kobolds
  A leopard gecko skeleton (D:3)
  8 rats
112 creatures vanquished.

Vanquished Creatures (others)
  257 foxfires
257 creatures vanquished.

Grand Total: 369 creatures vanquished

Notes
Turn   | Place    | Note
-------+----------+-------------------------------------------
     0 | D:1      | Clowwww the Deep Elf Fire Elementalist began the quest for
                  | the Orb.
     0 | D:1      | Reached XP level 1. HP: 10/10 MP: 6/6
   135 | D:1      | Reached XP level 2. HP: 15/15 MP: 6/8
   701 | D:1      | Reached XP level 3. HP: 19/19 MP: 7/9
   845 | D:1      | Learned a level 3 spell: Inner Flame
  2277 | D:2      | Reached XP level 4. HP: 16/24 MP: 9/11
  3148 | D:3      | Found a basalt altar of Yredelemnul.
  3220 | D:3      | Reached skill level 1 in Staves
  3220 | D:3      | Reached XP level 5. HP: 28/28 MP: 6/13
  3251 | D:3      | Noticed Robin
  3263 | D:3      | Killed Robin
  3485 | D:3      | Learned a level 4 spell: Sticky Flame
  4088 | D:4      | Found an opulent altar of Gozag.
  4149 | D:4      | Reached XP level 6. HP: 17/32 MP: 13/15
  4550 | D:4      | Got a steaming cloak
  4561 | D:4      | Identified the cursed +0 cloak of the Devil's Advocate
                  | {rF++ rC+ Str+4} (You found it on level 4 of the Dungeon)
  4605 | D:4      | Reached skill level 5 in Spellcasting
  4605 | D:4      | Reached skill level 5 in Fire Magic
  5069 | D:5      | Entered Level 5 of the Dungeon
  5262 | D:5      | Noticed a hippogriff
  5273 | D:5      | Slain by a hippogriff

Illustrated notes

Levels and vault maps discovered:
D:1:      scummos_arrival_simple_fountains, layout_basic, serial_glass,
          glass_columns_c, glass_columns_c, glass_columns_a, glass_columns_a,
          glass_columns_a, glass_columns_a, glass_columns_b, glass_columns_a
D:2:      lemuel_upstairs_altar, layout_loops_corners, first_ration
D:3:      layout_basic, nicolae_overflow_crystal_walls, uniq_robin
D:4:      layout_basic, grunt_gozag_statues, supply_closet_lemuel,
          hex_intersection
D:5:      layout_basic

Skill      XL: |  1  2  3  4  5  6 |
---------------+-------------------+-----
Fire Magic     | 4 5 |  5.2
Dodging        | 3 |  3.5
Spellcasting   | 4 5 |  5.3
Staves         | 1 |  1.6
Stealth        | 3 |  3.8
Conjurations   | 2 3 |  3.2
Fighting       | |  0.5
Unarmed Combat | |  0.2
Hexes          | |  0.3

Action                   |  1- 3 |  4- 6 || total
-------------------------+-------+-------++-------
Melee: Unarmed           |    28 |       ||    28
       Quarterstaff      |    12 |    44 ||    56
 Cast: Foxfire           |    58 |   110 ||   168
       Inner Flame       |       |     3 ||     3
Evoke: Wand              |       |     1 ||     1
  Use: Scroll            |       |    10 ||    10
  Eat: Chunk             |     4 |     9 ||    13
Armor: Robe              |    19 |     8 ||    27
Dodge: Dodged            |    71 |    59 ||   130
